 Dungeon Crawl Stone Soup version 0.28.0-45-g0d030f2227 (webtiles) character file.

Game seed: 3903345494193610161

869 nickcage the Basher (level 7, 0/56 HPs)
             Began as a Minotaur Gladiator on Apr 14, 2022.
             Was a Follower of Wu Jian.
             Slain by a sky beast (6 damage)
             ... on level 5 of the Dungeon.
             The game lasted 00:08:23 (4628 turns).

nickcage the Basher (Minotaur Gladiator)            Turns: 4628, Time: 00:08:23

Health: 0/56       AC:  5    Str: 20    XL:     7   Next: 73%
Magic:  6/6        EV: 11    Int:  5    God:    Wu Jian [*.....]
Gold:   146        SH:  0    Dex: 12    Spells: 6/6 levels left

rFire   . . .      SeeInvis .   q - +0 morningstar
rCold   . . .      Faith    .   (no shield)
rNeg    . . .      Spirit   .   i - +0 ring mail
rPois   .          Reflect  .   c - +0 hat
rElec   .          Harm     .   (no cloak)
rCorr   .          Rampage  .   (no gloves)
Will    .....                   (no boots)
Stlth   +.........              (no amulet)
HPRegen 0.18/turn               (no ring)
MPRegen 0.10/turn               (no ring)

@: no status effects
A: horns 2, retaliatory headbutt
a: Renounce Religion


You were on level 5 of the Dungeon.
You worshipped Wu Jian.
Wu Jian was aware of your devotion.
You visited 1 branch of the dungeon, and saw 5 of its levels.

You collected 146 gold pieces.

Inventory:

Hand Weapons
 a - a +0 flail
 q - a +0 morningstar (weapon)
Missiles
 d - 3 throwing nets
 l - 8 poisoned darts (quivered)
Armour
 b - a +0 leather armour
 c - a +0 hat (worn)
 i - a +0 ring mail (worn)
Scrolls
 g - 3 scrolls of identify {unknown}
 h - a scroll of enchant weapon {unknown}
 k - a scroll of vulnerability {unknown}
 n - 2 scrolls of amnesia {unknown}
 p - 4 scrolls of teleportation {unknown}
Potions
 e - 2 potions of curing {unknown}
 f - a potion of attraction {unknown}
 j - a potion of mutation {unknown}
 m - a potion of lignification {unknown}
 o - a potion of heal wounds {unknown}
 r - a potion of flight {unknown}


   Skills:
 - Level 2.4 Fighting
 + Level 11.1 Maces & Flails
 - Level 2.0 Throwing
 - Level 3.2 Dodging


You had 6 spell levels left.
You didn't know any spells.
Your spell library was empty.

Dungeon Overview and Level Annotations

Branches:
Dungeon (5/15)             Temple (0/1) D:4

Altars:
Elyvilon
Qazlal
Vehumet
Wu Jian
Zin

Annotations:
D:2 Sigmund


Innate Abilities, Weirdness & Mutations

You have a pair of horns on your head.
You reflexively headbutt those who attack you in melee.


Message History

You closely miss the hound. Your headbutt misses the hound.
The hound misses you.
You hit the hound.
The hound is lightly wounded.
The hound closely misses you.
You puncture the hound!
The hound is heavily wounded.
The hound closely misses you. You furiously retaliate!
You headbutt the hound!
You kill the hound!
The Council accepts your kill.
No target in view!
No target in view!
A sky beast is nearby!
You lunge at the sky beast.
You puncture the sky beast! Your headbutt misses the sky beast.
The sky beast is moderately wounded.
The sky beast hits you. The sky beast shocks you.
You miss the sky beast. Your headbutt misses the sky beast.
The sky beast is moderately wounded.
The sky beast flickers out of sight!
Deactivating autopickup; reactivate with Ctrl-A.
Something hits you. Something shocks you.
You are too injured to fight recklessly!
You are too injured to fight recklessly!
You closely miss something. Something hits you. Something shocks you.
* * * LOW HITPOINT WARNING * * *
You closely miss something. Your punch misses something. Something hits you.
* * * LOW HITPOINT WARNING * * *
Something shocks you.
* * * LOW HITPOINT WARNING * * *
You closely miss something. Something hits you but does no damage.
You miss something. Your headbutt misses something. You hit something.
Your headbutt misses something. Something hits you but does no damage.
You miss something. Something hits you but does no damage.
You closely miss something. Something hits you but does no damage.
You hit something. Your headbutt misses something. Something hits you.
* * * LOW HITPOINT WARNING * * *
Something shocks you.
You die...

#.# .. #.# .. #.#
##. #.#
##..######## #.#
#...#......# #.#
#.8.#.####.######.#
#..{#.#...........#
#..@...##.########
##.#.####h#
...#.####ยง#
.....#......#
##############


There were no monsters in sight!

Vanquished Creatures
  2 black bears (D:5)
  A necrophage (D:5)
  2 phantoms
  2 scorpions
  A wyvern skeleton (D:5)
  A hound (D:5)
  An orc priest (D:4)
  3 orc wizards
  2 adders
  A shadow imp (D:3)
  A worm (D:3)
  8 orcs
  10 ball pythons
  5 endoplasms
  4 giant cockroaches (D:1)
  A goblin (D:2)
  11 hobgoblins
  2 jackals (D:2)
  6 quokkas
  4 bats
  5 frilled lizards
  12 kobolds
  8 rats
93 creatures vanquished.

Vanquished Creatures (others)
  An orc wizard (D:5)
1 creature vanquished.

Grand Total: 94 creatures vanquished

Notes
Turn   | Place    | Note
-------+----------+-------------------------------------------
     0 | D:1      | nickcage the Minotaur Gladiator began the quest for the
                  | Orb.
     0 | D:1      | Reached XP level 1. HP: 18/18 MP: 0/0
    59 | D:1      | Found a faded altar of an unknown god.
    89 | D:1      | Reached skill level 4 in Maces & Flails
   107 | D:1      | Reached XP level 2. HP: 25/25 MP: 1/1
   893 | D:1      | Reached skill level 5 in Maces & Flails
   974 | D:2      | Reached XP level 3. HP: 30/30 MP: 2/2
  1045 | D:2      | Noticed Sigmund
  1433 | D:2      | Found an ornate altar of the Wu Jian Council.
  1459 | D:2      | Became a worshipper of the Wu Jian Council
  1769 | D:3      | Reached skill level 6 in Maces & Flails
  1769 | D:3      | Reached XP level 4. HP: 26/37 MP: 3/3
  2130 | D:3      | Reached * piety under Wu Jian
  2894 | D:4      | Found a stormy altar of Qazlal.
  2964 | D:4      | Noticed a phantom
  2969 | D:4      | Killed a phantom
  2970 | D:4      | Reached skill level 7 in Maces & Flails
  2970 | D:4      | Reached XP level 5. HP: 21/42 MP: 4/4
  3261 | D:4      | Reached skill level 8 in Maces & Flails
  3261 | D:4      | Reached XP level 6. HP: 50/50 MP: 5/5
  3427 | D:4      | Found a staircase to the Ecumenical Temple.
  3487 | D:4      | Found a glowing silver altar of Zin.
  3487 | D:4      | Found a radiant altar of Vehumet.
  3495 | D:4      | Found a faded altar of an unknown god.
  3497 | D:4      | Found a white marble altar of Elyvilon.
  3499 | D:4      | Found a faded altar of an unknown god.
  3904 | D:5      | Entered Level 5 of the Dungeon
  3954 | D:5      | Reached skill level 9 in Maces & Flails
  4095 | D:5      | Reached XP level 7. HP: 56/56 MP: 6/6
  4144 | D:5      | Reached skill level 10 in Maces & Flails
  4589 | D:5      | Reached skill level 11 in Maces & Flails
  4628 | D:5      | Slain by a sky beast

Illustrated notes

Levels and vault maps discovered:
D:1:      roderic_crossed_star, layout_basic, basic_ecumenical_altar
D:2:      layout_loops_ring, basic_altar, kennysheep_generic_room_9,
          uniq_sigmund
D:3:      layout_basic
D:4:      layout_loops_ring, chequers_temple_overflow_minitemple,
          grunt_qazlal_sundering, minmay_temple_entry_antechambers
D:5:      layout_loops_cross, tso_altar, nrook_mini_backslash,
          mrwooster_statue_mirror, minmay_misc_feat_alley

Skill      XL: |  1  2  3  4  5  6  7 |
---------------+----------------------+-----
Maces & Flails | 4 5 6 7 8 9 11 | 11.1
Fighting       | |  2.4
Throwing       | |  2.0
Dodging        | |  3.2

Action                   |  1- 3 |  4- 6 |  7- 9 || total
-------------------------+-------+-------+-------++-------
Melee: Flail             |    97 |    72 |       ||   169
       Headbutt          |     9 |    11 |     6 ||    26
       Morningstar       |       |    18 |    54 ||    72
       Punch             |       |       |     1 ||     1
Throw: Dart              |       |    12 |     2 ||    14
Invok: Lunge             |     8 |    11 |     2 ||    21
Armor: Leather armour    |    15 |       |       ||    15
       Ring mail         |     8 |    26 |    16 ||    50
Dodge: Dodged            |    63 |    37 |    14 ||   114
